Map: Dusk Towers

Players

Ikaruga

  • Race: Terran Terran
  • League: Diamond

Bobby - Winner!

  • Race: Terran Terran
  • League: Diamond

VOD

Have the link to the VOD?

Description

Time

  • Played on: Feb. 3, 2016, 9:09 p.m.
  • Length: 8:12
Show
View Real Time Build Order
Export as new Build Order

Ikaruga Terran 

Build Orders:  

Get SALT Encoding   

  12  0:00  SCV  
  13  0:13  SCV  
  14  0:17  Supply Depot  
  14  0:25  SCV  
  15  0:39  SCV  
  16  0:43  Barracks  
  16  0:47  Refinery  
  16  0:51  SCV  
  17  1:03  SCV  
  18  1:15  SCV  
  19  1:29  Orbital Command  
  19  1:30  Marine  
  20  1:35  Bunker  
  20  1:42  Supply Depot  
  20  1:48  Marine  
  20  1:51  Factory  
  21  1:55  SCV  
  22  2:08  Marine  
  22  2:12  SCV  
  24  2:24  Command Center, SCV  
  24  2:27  Marine  
  26  2:36  Starport  
  26  2:39  SCV  
  27  2:44  Widow Mine  
  27  2:51  SCV  
  31  2:52  Supply Depot  
  31  2:55  Barracks Reactor  
  30  3:03  SCV  
  31  3:22  Engineering Bay, SCV  
  31  3:23  Viking  
  34  3:34  SCV  
  34  3:39  Hellion x2  
  40  3:42  Orbital Command  
  40  3:46  SCV  
  40  3:51  Missile Turret  
  40  3:53  Viking  
  40  3:55  Missile Turret  
  42  3:58  SCV  
  42  4:01  Missile Turret, Hellion  
  45  4:04  Hellion  
  47  4:10  SCV  
  47  4:11  SCV  
  47  4:15  Supply Depot  
  49  4:19  Barracks Tech Lab  
  49  4:23  SCV x2  
  51  4:26  Viking  
  53  4:35  SCV  
  53  4:37  SCV  
  55  4:39  Refinery  
  55  4:44  Command Center  
  55  4:51  SCV  
  55  4:52  SCV  
  57  5:03  SCV  
  57  5:04  SCV  
  61  5:13  Refinery  
  61  5:14  Refinery  
  61  5:15  SCV  
  61  5:20  Supply Depot  
  62  5:22  Hellion  
  62  5:23  Supply Depot  
  61  5:41  Raven  
  61  5:42  Hellion  
  65  5:43  Hellion  
  65  5:46  Factory  
  67  5:50  SCV x2  
  69  5:58  Orbital Command  
  69  6:02  Supply Depot, SCV  
  69  6:03  Hellion  
  72  6:04  Supply Depot  
  72  6:06  Supply Depot  
  72  6:07  Supply Depot, Hellion  
  70  6:37  Hellion x2  
  70  6:38  Factory Tech Lab  
  72  6:46  SCV x2  
  69  6:49  Viking  
  71  7:10  Siege Tank, Hellion x2  
  71  7:11  Supply Depot x2  
  71  7:12  Supply Depot  
  71  7:13  Supply Depot  
  71  7:15  Supply Depot  
Show
View Real Time Build Order
Export as new Build Order

Bobby Terran - Winner!

Build Orders: Mech 

Get SALT Encoding   

  12  0:02  SCV  
  13  0:14  SCV  
  14  0:17  Supply Depot  
  14  0:26  SCV  
  15  0:39  SCV  
  15  0:42  Barracks  
  16  0:45  Refinery  
  16  0:51  SCV  
  17  1:03  SCV  
  18  1:15  SCV  
  19  1:31  Supply Depot  
  20  1:33  Marine  
  20  1:34  Orbital Command  
  20  1:48  Factory  
  20  1:51  Marine  
  21  1:54  Refinery  
  21  2:00  SCV  
  22  2:12  Command Center  
  22  2:14  SCV  
  23  2:19  Barracks Reactor  
  23  2:26  SCV  
  24  2:31  Starport  
  24  2:39  SCV  
  25  2:44  Hellion  
  27  2:52  Supply Depot  
  27  3:00  SCV  
  27  3:02  Barracks Tech Lab  
  28  3:09  Viking  
  28  3:12  SCV  
  31  3:16  Hellion x2  
  35  3:24  Orbital Command  
  35  3:29  SCV  
  36  3:38  Hellion  
  36  3:41  SCV, Hellion  
  41  3:50  Factory  
  41  3:56  Viking  
  41  4:00  SCV  
  41  4:02  SCV  
  45  4:05  Hellion  
  47  4:14  Hellion  
  49  4:26  Hellion  
  49  4:30  Armory  
  49  4:31  SCV  
  52  4:36  Supply Depot, Hellion  
  54  4:40  Infernal Pre-Igniter  
  54  4:46  Starport Reactor  
  54  4:58  SCV x2, Hellion  
  58  5:03  Siege Tank  
  61  5:09  Supply Depot  
  61  5:10  Supply Depot  
  61  5:11  SCV  
  62  5:14  Refinery  
  62  5:17  Refinery  
  62  5:22  Terran Vehicle Weapons Level 1  
  62  5:31  SCV, Hellion x2  
  62  5:34  Viking  
  71  5:39  Viking  
  73  5:45  SCV x2  
  73  5:50  Siege Tank  
  73  5:55  Supply Depot  
  76  5:57  Supply Depot, SCV x2  
  76  6:09  SCV  
  77  6:18  Widow Mine  
  77  6:21  Hellion  
  77  6:23  Siege Tank  
  74  6:42  SCV  
  73  6:49  Widow Mine  
  73  6:51  Hellion  
  75  6:57  Hellion  
  75  6:59  Viking x2  
  81  7:04  Command Center  
  81  7:05  Factory  
  81  7:06  Factory  
  73  7:13  Hellion  
  75  7:18  Siege Tank, Hellion  
  78  7:29  Viking x2  
  73  7:46  Hellion x2  
  73  7:50  Hellion  
  73  7:51  Factory Reactor x2  
Tags
 
Composition
Mech
Matchup
TvT
Race
Terran
Add a new tag
Caveats
  • Supply blocks, unpowered buildings, or Contaminate may cause inaccurate times.
  • Supply counts are checked every 10 seconds.